 Dungeon Crawl Stone Soup version 0.18.1-50-g88ac8fd (webtiles) character file.

121 TheOvate the Skirmisher (level 4, -1/40 HPs)
             Began as a Draconian Berserker on Oct 7, 2016.
             Was a Believer of Trog.
             Slain by a gnoll
             ... wielding a +0 flail
              (7 damage)
             ... on level 2 of the Dungeon.
             The game lasted 00:04:40 (2050 turns).

TheOvate the Skirmisher (Draconian Berserker)       Turns: 2050, Time: 00:04:40

Health: -1/40      AC:  6    Str: 20    XL:     4   Next: 76%
Magic:  4/4        EV: 13    Int:  7    God:    Trog [**....]
Gold:   151        SH:  0    Dex: 11    Spells: 0 memorised, 3 levels left

rFire  . . .     SeeInvis .     a - +0 falchion
rCold  . . .     Gourm    .     (armour unavailable)
rNeg   . . .     Faith    .     (no shield)
rPois  .         Spirit   .     (helmet restricted)
rElec  .         Dismiss  .     (no cloak)
rCorr  .         Reflect  .     (no gloves)
SustAt .         Harm     .     c - +0 pair of boots
MR     .....                    (no amulet)
Stlth  +.........               (no ring)
                                (no ring)

@: exhausted, slowed, very slow, not resistant to hostile enchantments, very
unstealthy
A: unfitting armour, cold-blooded, AC +5
a: Berserk, Trog's Hand, Burn Spellbooks, Renounce Religion


You were on level 2 of the Dungeon.
You worshipped Trog.
Trog was pleased with you.
You were not hungry.

You visited 1 branch of the dungeon, and saw 2 of its levels.

You collected 151 gold pieces.

Inventory:

Hand Weapons
 a - a +0 falchion (weapon)
Armour
 c - a +0 pair of boots (worn)
Jewellery
 j - an uncursed ring of see invisible {unknown}
Scrolls
 d - a scroll of random uselessness {unknown}
 e - a scroll of recharging {unknown}
 f - a scroll of teleportation {unknown}
 g - a scroll of enchant weapon {unknown}
 i - a scroll of amnesia {unknown}
Potions
 k - a potion of resistance {unknown}
Comestibles
 b - 3 bread rations
 l - a meat ration


   Skills:
 + Level 4.1 Fighting
 + Level 3.9 Long Blades
 + Level 3.7 Dodging
 + Level 0.8 Stealth


You had 3 spell levels left.
You didn't know any spells.

Dungeon Overview and Level Annotations

Branches:
Dungeon (2/15)

Altars:


Innate Abilities, Weirdness & Mutations

Your plain brown scales are hard (AC +5).
Your body does not fit into most forms of armour.
You are cold-blooded and may be slowed by cold attacks.


Message History

You are exhausted.
You feel yourself slow down.
The gnoll shouts!
The gnoll hits you with a halberd.
You closely miss the gnoll. The gnoll closely misses you.
The gnoll hits you with a halberd!
You slash the gnoll!
The gnoll is heavily wounded.
You closely miss the gnoll. You tail-slap the gnoll.
The gnoll is severely wounded.
The gnoll hits you with a halberd! The gnoll hits you with a flail!
* * * LOW HITPOINT WARNING * * *
The gnoll barely misses you.
You slash the gnoll!
You kill the gnoll!
Trog accepts your kill. The gnoll misses you. The gnoll hits you with a flail.
* * * LOW HITPOINT WARNING * * *
The gnoll hits you with a flail!
You die...

##.##..........###.......#
.#...#..######..........#####
.###.#..# #####...รท.......
...#....# #.......####
##.###..# #.......### #..(#..#
#######.........# ##.###..##
#.....##....[...# )..#.....#
#.....###...##.... )###.###.#
#....@g..........#
.#.......###.....#########..#
##.###........)..# #...#.....
...#
##...##.....###.......######
####
#...#...................... #
######.........####...........#
#.........###### #...........#
#........##########.......<....
#......>.......................


You could see a gnoll.

Vanquished Creatures
  3 gnolls (D:2)
  2 adders (D:2)
  2 oozes (D:2)
  2 worms (D:2)
  A dart slug (D:2)
  4 giant geckos
  5 bats
  3 giant cockroaches
  11 goblins
  4 hobgoblins (D:2)
  10 kobolds
  3 giant newts
  4 rats
54 creatures vanquished.

Notes
Turn   | Place    | Note
--------------------------------------------------------------
     0 | D:1      | TheOvate the Draconian Berserker began the quest for the Orb.
     0 | D:1      | Reached XP level 1. HP: 19/19 MP: 1/1
   221 | D:1      | Reached XP level 2. HP: 19/26 MP: 2/2
   644 | D:1      | Reached ** piety under Trog
  1067 | D:2      | Reached skill level 4 in Fighting
  1067 | D:2      | Reached XP level 3. HP: 16/33 MP: 3/3
  1440 | D:2      | Reached XP level 4. HP: 13/40 MP: 4/4
  1646 | D:2      | Found a faded altar to an unknown god.
  2050 | D:2      | Slain by a gnoll

Skill      XL: |  1  2 |
---------------+-------+-----
Dodging        | 3 |  3.7
Fighting       | 4 |  4.1
Long Blades    | |  3.9
Stealth        | |  0.8

Action                   |  1- 3 |  4- 6 || total
-------------------------+-------+-------++-------
Melee: Falchion          |   110 |    43 ||   153
       Tailslap          |    10 |     9 ||    19
Invok: Berserk           |       |     2 ||     2
 Stab: Sleeping          |     1 |       ||     1
  Eat: Beef jerky        |     1 |       ||     1
       Chunk             |       |     4 ||     4
Armor: Skin              |    38 |     8 ||    46
Dodge: Dodged            |    82 |    31 ||   113
